 Dungeon Crawl Stone Soup version 0.28.0 (webtiles) character file.

Game seed: 4718592199509802714

7 Prodoman the Magician (level 1, -3/13 HPs)
             Began as a Demonspawn Hedge Wizard on Feb 4, 2022.
             Slain by a quokka (5 damage)
             ... on level 1 of the Dungeon.
             The game lasted 00:01:10 (489 turns).

Prodoman the Magician (Demonspawn Hedge Wizard)      Turns: 489, Time: 00:01:12

Health: -3/13      AC:  2    Str: 10    XL:     1   Next: 91%
Magic:  0/4        EV: 12    Int: 15    God:
Gold:   12         SH:  0    Dex: 12    Spells: 5/6 levels left

rFire   . . .      SeeInvis .   a - +0 dagger
rCold   . . .      Faith    .   (no shield)
rNeg    . . .      Spirit   .   b - +0 robe
rPois   .          Reflect  .   c - +0 hat
rElec   .          Harm     .   (no cloak)
rCorr   .          Rampage  .   (no gloves)
Will    .....                   (no boots)
Stlth   ++........              (no amulet)
HPRegen 0.04/turn               (no ring)
MPRegen 0.09/turn               (no ring)

@: no status effects
A: no striking features
a: no special abilities


You were on level 1 of the Dungeon.
You visited 1 branch of the dungeon, and saw 1 of its levels.

You collected 12 gold pieces.

Inventory:

Hand Weapons
 a - a +0 dagger (weapon)
Armour
 b - a +0 robe (worn)
 c - a +0 hat (worn)
 e - a +0 pair of boots
Potions
 d - a potion of resistance {unknown}


   Skills:
 + Level 1.9 Dodging
 + Level 1.9 Stealth
 * Level 3.1 Spellcasting
 + Level 1.1 Conjurations
 + Level 1.2 Summonings
 - Level 1.0 Translocations


You had 5 spell levels left.
You knew the following spells:

 Your Spells              Type           Power      Damage    Failure   Level
a - Magic Dart            Conj           20%        1d4       12%         1

Your spell library contained the following spells:

 Spells                   Type           Power      Damage    Failure   Level
 Call Imp                 Summ           5%         N/A       19%         2
 Slow                     Hex            8%         N/A       21%         1
 Blink                    Tloc           10%        N/A       21%         2
 Conjure Flame            Conj/Fire      4%         6-21      43%         3
 Mephitic Cloud           Conj/Pois/Air  3%         N/A       45%         3


Dungeon Overview and Level Annotations

Branches:
Dungeon (1/15)

Altars:


Message History

Press: ? - help, Dir - move target, f/p - quokka
Aim: a quokka (severely wounded, about 49% to evade your +0 dagger)
You miss the quokka.
The quokka is severely wounded.
The quokka barely misses you. The quokka closely misses you.
Hit: a) +0 dagger
Press: ? - help, Dir - move target, f/p - quokka
Aim: a quokka (heavily wounded, about 49% to evade your +0 dagger)
You completely miss the quokka.
The quokka is heavily wounded.
The quokka bites you.
Hit: a) +0 dagger
Press: ? - help, Dir - move target, f/p - quokka
Aim: a quokka (heavily wounded, about 49% to evade your +0 dagger)
You hit the quokka.
The quokka is severely wounded.
The quokka barely misses you.
Unknown command.
Hit: a) +0 dagger
Press: ? - help, Dir - move target, f/p - quokka
Aim: a quokka (severely wounded, about 49% to evade your +0 dagger)
You completely miss the quokka.
The quokka is severely wounded.
The quokka bites you.
Casting: Magic Dart (safe; 12% risk of failure)
Confirm with . or Enter, or press ? or * to list all spells.
Aiming: Magic Dart (safe; 12% risk of failure)
Press: ? - help, Shift-Dir - straight line, f/p - quokka
Aim: a quokka (severely wounded, 100% to hit)
The magic dart hits the quokka but does no damage.
The quokka is severely wounded.
The quokka bites you.
* * * LOW HITPOINT WARNING * * *
Hit: a) +0 dagger
Press: ? - help, Dir - move target, f/p - quokka
Aim: a quokka (severely wounded, about 49% to evade your +0 dagger)
You hit the quokka but do no damage.
The quokka is severely wounded.
The quokka bites you.
You die...

#.# #.# #.###
########.#.. ##
#...........
...##########...........
........................
.............#######.#.#
.).†...@.....#######.#.#
.......r...............#
.............#######.###
.............# #......
.............# #.#####
.............# #.# #
.##..........# #.#
#..........# #.#
####.####


You could see a quokka.

Vanquished Creatures
  An endoplasm (D:1)
  A hobgoblin (D:1)
  2 kobolds (D:1)
  2 bats (D:1)
  2 rats (D:1)
8 creatures vanquished.

Notes
Turn   | Place    | Note
-------+----------+-------------------------------------------
     0 | D:1      | Prodoman the Demonspawn Hedge Wizard began the quest for
                  | the Orb.
     0 | D:1      | Reached XP level 1. HP: 13/13 MP: 4/4
   181 | D:1      | Reached skill level 1 in Translocations
   489 | D:1      | Slain by a quokka

Illustrated notes

Levels and vault maps discovered:
D:1:      nzn_arrival_depleted_hourglass, layout_basic,
          hellmonk_ecumenical_altar_pennies_from_heaven, serial_shops, shop,
          minmay_misc_feat_square, minmay_3d_cube

Skill      XL: |  1 |
---------------+----+-----
Translocations | 1 |  1.0
Dodging        | |  1.9
Stealth        | |  1.9
Spellcasting   | |  3.1
Conjurations   | |  1.1
Summonings     | |  1.2

Action                   || total
-------------------------++-------
Melee: Dagger            ||    11
 Cast: Magic Dart        ||    24
Armor: Robe              ||     3
Dodge: Dodged            ||     8
